 Dungeon Crawl Stone Soup version 0.28.0-53-g5a82cb258f (webtiles) character file.

Game seed: 8997642819933888562

18678 Peloso the Carver (level 12, -1/110 HPs)
             Began as a Minotaur Fighter on June 15, 2022.
             Was the Champion of Okawaru.
             Slain by a white ugly thing (12 damage)
             ... in an ice cave.
             The game lasted 00:32:17 (14946 turns).

Peloso the Carver (Minotaur Fighter)               Turns: 14946, Time: 00:32:20

Health: -1/110     AC: 24    Str: 29    XL:     12   Next: 29%
Magic:  12/12      EV:  7    Int:  5    God:    Okawaru [******]
Gold:   415        SH:  6    Dex: 14    Spells: 11/11 levels left

rFire   . . .      SeeInvis .   b - +3 scimitar (elec)
rCold   . . .      Faith    .   f - +0 buckler
rNeg    . . .      Spirit   .   i - +0 crystal plate armour
rPois   .          Reflect  .   (helmet restricted)
rElec   .          Harm     .   r - +0 cloak "Byzoit" {Str+7}
rCorr   .          Rampage  .   (no gloves)
Will    .....                   (no boots)
Stlth   ..........              (no amulet)
HPRegen 0.28/turn               (no ring)
MPRegen 0.13/turn               (no ring)

@: mighty, hasted, very quick
A: horns 2, retaliatory headbutt
a: Renounce Religion, Heroism, Finesse, Duel


You were in an ice cave.
You worshipped Okawaru.
Okawaru was exalted by your worship.
You visited 2 branches of the dungeon, and saw 13 of its levels.
You also visited: Bailey and Ice Cave.

You collected 577 gold pieces.
You spent 162 gold pieces at shops.

Inventory:

Hand Weapons
 a - a +5 vampiric scimitar
 b - a +3 scimitar of electrocution (weapon)
 c - a +1 scimitar of flaming
 y - the +2 flail of Foul Odours {vorpal, Fly Int+2 SInv}
   (You found it on level 5 of the Dungeon)

   It inflicts extra damage upon your enemies.
   Int:       It affects your intelligence (+2).
   SInv:      It lets you see invisible.
   Fly:       It grants you flight.
 H - a +0 hand crossbow
Missiles
 E - 5 throwing nets (quivered)
 I - 55 bolts
Armour
 f - a +0 buckler (worn)
 i - a +0 crystal plate armour (worn)
 o - a +1 scale mail of willpower
 r - the +0 cloak "Byzoit" (worn) {Str+7}
   (You found it on level 4 of the Dungeon)

   Str:       It affects your strength (+7).
Jewellery
 g - an amulet of magic regeneration
 h - the ring of Temptation {rF+ rN+ Int-4 Slay+5 Stlth+}
   (You found it in a bailey)

   [ring of protection from fire]

   Int:       It affects your intelligence (-4).
   Slay:      It affects your accuracy & damage with ranged weapons and melee
   (+5).
   rF:        It protects you from fire.
   rN:        It protects you from negative energy.
   Stlth:     It makes you more stealthy.
 l - a ring of positive energy
 p - a ring of magical power
 v - a ring of see invisible
Wands
 z - a wand of paralysis (5)
 J - a wand of polymorph (3)
Scrolls
 e - a scroll of noise
 n - a scroll of summoning
 q - a scroll of enchant armour
 s - a scroll of teleportation
 u - 3 scrolls of enchant weapon
 w - a scroll of immolation
 D - a scroll of amnesia
 F - a scroll of blinking
 G - 2 scrolls of identify
Potions
 d - 3 potions of might
 j - 2 potions of mutation
 k - 6 potions of curing
 m - 2 potions of flight
 A - a potion of heal wounds
 C - 16 potions of degeneration
 K - a potion of berserk rage
 L - a potion of brilliance
Miscellaneous
 x - a piece from Xom's chessboard (15/15)
 B - a lightning rod (4/4)


   Skills:
 + Level 11.4 Fighting
 + Level 14.5 Long Blades
 + Level 13.7 Armour
 + Level 2.4 Dodging
 + Level 1.1 Stealth
 + Level 9.1 Shields
 + Level 2.0 Invocations
 + Level 1.6 Evocations


You had 11 spell levels left.
You didn't know any spells.
Your spell library contained the following spells:

 Spells                   Type           Power      Damage    Failure   Level
 Beastly Appendage        Tmut           0%         N/A       100%        1
 Slow                     Hex            0%         N/A       100%        1
 Ensorcelled Hibernation  Hex/Ice        0%         N/A       100%        2
 Wereblood                Tmut           0%         N/A       100%        2
 Confusing Touch          Hex            0%         N/A       100%        3
 Frozen Ramparts          Ice            0%         1d2       100%        3
 Spider Form              Tmut/Pois      0%         N/A       100%        3
 Vampiric Draining        Necr           0%         2d6       100%        3
 Anguish                  Hex/Necr       0%         N/A       100%        4
 Ice Form                 Ice/Tmut       0%         N/A       100%        4
 Summon Ice Beast         Ice/Summ       Unusable   N/A       N/A         4

Dungeon Overview and Level Annotations

Branches:
Dungeon (12/15)            Temple (1/1) D:4            Lair (0/6) D:9
 Bailey (visited)           IceCv (1/1)
    Orc: D:9-12

Altars:
Ashenzari
Cheibriados
Dithmenos
Elyvilon
Fedhas
Hepliaklqana
Kikubaaqudgha
Makhleb
Okawaru
Qazlal
Ru
Sif Muna
Trog
Uskayaw
Wu Jian
Xom
Yredelemnul
Zin
The Shining One

Shops:
D:8 (


Innate Abilities, Weirdness & Mutations

You have a pair of horns on your head.
You reflexively headbutt those who attack you in melee.


Message History

You slice the ice statue!! You headbutt the ice statue.
The ice statue is severely damaged.
You are engulfed in freezing vapours.
You slash the ice statue!
The ice statue is almost destroyed.
You are engulfed in freezing vapours.
You hit the ice statue but do no damage.
You headbutt the ice statue, but do no damage.
The ice statue is almost destroyed.
You are engulfed in freezing vapours.
The ice statue gestures at you. The bolt of cold hits you!!
* * * LOW HITPOINT WARNING * * *
The ice beast hits you but does no damage.
You slash the ice statue!
You destroy the ice statue!
Okawaru accepts your kill.
The ice beast disappears in a puff of smoke!
You are engulfed in freezing vapours.
* * * LOW HITPOINT WARNING * * *
Unknown command.
You feel much better.
You are engulfed in freezing vapours.
The white ugly thing is engulfed in freezing vapours.
You block the white ugly thing's attack.
You slash the white ugly thing!
Your headbutt misses the white ugly thing.
The white ugly thing is moderately wounded.
You are engulfed in freezing vapours.
* * * LOW HITPOINT WARNING * * *
You slice the white ugly thing!!
The white ugly thing is heavily wounded.
You are engulfed in freezing vapours.
* * * LOW HITPOINT WARNING * * *
You closely miss the white ugly thing.
The white ugly thing is heavily wounded.
You are engulfed in freezing vapours.
* * * LOW HITPOINT WARNING * * *
The white ugly thing is engulfed in freezing vapours.
The white ugly thing stings you!
You die...

#(......#
####.####
#.......#
#.......#
#.......#
#.......#
#.°..°..#
##°°°..##
##@°.##
##u## Z°#
...#
....#
....#
...$#
...?#


You could see a white ugly thing and an entropy weaver simulacrum.

Vanquished Creatures
  A hydra (D:8)
  2 centaur warriors
  A death knight (D:8)
  A two-headed ogre (D:9)
  A skeletal warrior (D:8)
  Pikel (D:9)
  3 ugly things
  A manticore (D:8)
  A cyclops (D:8)
  2 rust devils (D:8)
  3 ice statues (IceCv)
  Maggie (D:9)
  A komodo dragon (D:9)
  A troll (D:11)
  4 slime creatures (D:12)
  12 yaks
  2 wyverns (D:9)
  2 death yak simulacra (IceCv)
  3 steam dragons
  A water moccasin (D:7)
  6 orc warriors
  A black bear (D:9)
  An ice beast (D:6)
  2 sky beasts
  3 necrophages
  A hornet zombie (D:8)
  3 wolves (Bailey)
  4 centaurs
  4 ogres (D:5)
  2 lemures (D:9)
  A phantom (D:6)
  6 bullfrogs
  A kobold brigand (D:9)
  9 gnoll sergeants
  2 cane toad simulacra (IceCv)
  3 scorpions
  An elephant simulacrum (IceCv)
  14 killer bees
  A wight (D:8)
  5 howler monkeys
  5 centaur zombies
  A bullfrog zombie (D:7)
  3 hounds
  2 jellies
  2 orc priests (D:7)
  2 bullfrog skeletons
  6 gnoll shamans
  Terence (D:3)
  2 iguanas
  8 orc wizards
  2 polar bear simulacra (IceCv)
  A killer bee zombie (D:7)
  A wolf simulacrum (IceCv)
  A centaur simulacrum (D:8)
  A hound zombie (D:5)
  2 howler monkey zombies (D:8)
  19 gnolls
  10 adders
  A shadow imp (D:6)
  A white imp (D:5)
  2 worms
  3 dart slugs
  31 orcs
  11 endoplasms
  2 giant cockroaches
  11 goblins
  8 hobgoblins
  2 jackals (D:3)
  2 quokkas
  7 ball pythons
  5 bats
  3 frilled lizards
  9 kobolds
  2 rats
283 creatures vanquished.

Vanquished Creatures (others)
  21 fungi (D:9)
  8 plants (D:9)
29 creatures vanquished.

Grand Total: 312 creatures vanquished

Notes
Turn   | Place    | Note
-------+----------+-------------------------------------------
     0 | D:1      | Peloso the Minotaur Fighter began the quest for the Orb.
     0 | D:1      | Reached XP level 1. HP: 19/19 MP: 0/0
   102 | D:1      | Found a faded altar of an unknown god.
   399 | D:1      | Reached XP level 2. HP: 23/27 MP: 1/1
   777 | D:1      | Reached skill level 3 in Long Blades
  1029 | D:1      | Reached XP level 3. HP: 32/33 MP: 2/2
  1640 | D:2      | Reached XP level 4. HP: 30/41 MP: 3/3
  1990 | D:3      | Reached skill level 4 in Long Blades
  2248 | D:3      | Noticed Terence
  2255 | D:3      | Killed Terence
  2574 | D:4      | Reached XP level 5. HP: 34/47 MP: 4/4
  2736 | D:4      | Identified the +0 cloak "Byzoit" {Str+7}
  2796 | D:4      | Noticed a necrophage
  2805 | D:4      | Killed a necrophage
  2806 | D:4      | Reached skill level 5 in Long Blades
  3014 | D:4      | Reached skill level 5 in Armour
  3033 | D:4      | Reached skill level 5 in Fighting
  3033 | D:4      | Reached XP level 6. HP: 55/56 MP: 5/5
  3033 | D:4      | Found a staircase to the Ecumenical Temple.
  3041 | Temple   | Entered the Ecumenical Temple
  3142 | Temple   | Became a worshipper of Warmaster Okawaru
  3371 | D:4      | Reached skill level 6 in Long Blades
  3383 | D:4      | Reached * piety under Okawaru
  3384 | D:4      | Reached XP level 7. HP: 22/62 MP: 6/6
  3601 | D:4      | Reached skill level 1 in Dodging
  3716 | D:5      | Entered Level 5 of the Dungeon
  3857 | D:5      | Reached skill level 7 in Long Blades
  3869 | D:5      | Reached XP level 8. HP: 45/71 MP: 7/7
  4059 | D:5      | Reached ** piety under Okawaru
  4079 | D:5      | Reached skill level 8 in Long Blades
  4087 | D:5      | Identified the +2 flail of Foul Odours {vorpal, Fly Int+2
                  | SInv}
  4655 | D:6      | Reached skill level 5 in Shields
  5241 | D:6      | Reached skill level 9 in Long Blades
  5316 | D:7      | Reached *** piety under Okawaru
  5681 | D:7      | Reached XP level 9. HP: 74/79 MP: 8/8
  6603 | D:7      | Found a blossoming altar of Fedhas.
  6653 | D:8      | Noticed a green ugly thing
  6653 | D:8      | Noticed a death knight
  6681 | D:8      | Killed a green ugly thing
  6682 | D:8      | Reached skill level 10 in Long Blades
  6689 | D:8      | HP: 1/120 [death knight/+0 halberd (20)]
  6696 | D:8      | Killed a death knight
  6696 | D:8      | Reached **** piety under Okawaru
  6761 | D:8      | Found a flagged portal.
  6768 | Bailey   | Entered a bailey
  7527 | Bailey   | Reached skill level 11 in Long Blades
  8290 | Bailey   | Reached XP level 10. HP: 36/90 MP: 9/9
  8963 | Bailey   | Identified the ring of Temptation {rF+ rN+ Int-4 Slay+5
                  | Stlth+}
  9085 | D:8      | Noticed a cyclops
  9100 | D:8      | Killed a cyclops
  9100 | D:8      | Reached ***** piety under Okawaru
  9101 | D:8      | Reached skill level 10 in Armour
  9222 | D:8      | Noticed a centaur warrior
  9243 | D:8      | Killed a centaur warrior
  9632 | D:8      | Noticed a centaur warrior
  9640 | D:8      | Noticed a brown ugly thing
  9812 | D:7      | Killed a brown ugly thing
  9813 | D:7      | Reached skill level 1 in Stealth
 10014 | D:7      | Killed a centaur warrior
 10015 | D:7      | Reached skill level 1 in Invocations
 10206 | D:8      | Reached skill level 12 in Long Blades
 10284 | D:8      | Found Onailuotz's Antique Weapon Shop.
 10298 | D:8      | Bought a runed long sword for 162 gold pieces
 10612 | D:8      | Reached XP level 11. HP: 31/99 MP: 8/11
 11154 | D:8      | Noticed a skeletal warrior
 11168 | D:8      | Killed a skeletal warrior
 11168 | D:8      | Received a gift from Okawaru
 11169 | D:8      | Reached skill level 10 in Fighting
 11230 | D:8      | Identified the +0 long sword of the Apocalypse {vorpal,
                  | Int+3 Stlth+}
 11322 | D:8      | Noticed a four-headed hydra
 11328 | D:8      | Killed a four-headed hydra
 11866 | D:8      | Reached skill level 13 in Long Blades
 12063 | D:9      | You fall into a shaft and drop 2 floors!
 12162 | D:10     | Entered Level 10 of the Dungeon
 12165 | D:10     | Reached skill level 1 in Evocations
 12561 | D:11     | Reached ****** piety under Okawaru
 12764 | D:9      | Noticed Pikel
 12786 | D:9      | Killed Pikel
 12889 | D:9      | Noticed Maggie
 13428 | D:9      | Killed Maggie
 13644 | D:9      | Received a gift from Okawaru
 13645 | D:9      | Reached skill level 14 in Long Blades
 13650 | D:9      | Reached XP level 12. HP: 82/110 MP: 12/12
 13794 | D:9      | Noticed a two-headed ogre
 13800 | D:9      | Killed a two-headed ogre
 13902 | D:9      | Found a staircase to the Lair.
 14337 | D:12     | Found a frozen archway.
 14341 | IceCv    | Entered an ice cave
 14946 | IceCv    | Slain by a white ugly thing

Illustrated notes

Levels and vault maps discovered:
D:1:      scummos_arrival_hexagon, layout_basic,
          shapermc_ecumenical_altar_acropolis
D:2:      layout_loops_ring
D:3:      layout_rooms, uniq_terence
D:4:      layout_loops_cross, minmay_temple_entry_gardened_gates,
          minmay_quantized
D:5:      layout_basic, wad_floor_pattern_untrapped, hangedman_decor_growths,
          hangedman_abyss_or_decor_stagger
D:6:      layout_basic, grunt_ministairs_13
D:7:      cheibrodos_iron_armory, layout_basic, fedhas_altar_4
D:8:      nzn_winding_woodlands_cross [nzn_winding_woodlands_5x15_jagged,
          nzn_winding_woodlands_5x15_split_checker,
          nzn_winding_woodlands_5x15_river_crossing,
          nzn_winding_woodlands_5x15_twine,
          nzn_winding_woodlands_15x15_boxy_spiral], layout_loops_cross,
          serial_shops, kennysheep_mini, enter_bailey_7, minmay_radiant
D:9:      layout_loops_cross, grunt_lair_entry_orc_guard_hut,
          minmay_misc_feat_encased, uniq_maggie, uniq_pikel
D:10:     layout_irregular_city
D:11:     layout_loops_cross, serial_undead, serial_undead_c, serial_undead_e,
          serial_undead_a, serial_undead_a
D:12:     layout_basic, david_orc_2, portal_ice_cave_entry_pillars_1,
          minmay_misc_feat_roman
Temple:   kilobyte_greek_temple
IceCv:    ice_cave_statue_garden_chambered

Skill      XL: |  1  2  3  4  5  6  7  8  9 10 11 12 |
---------------+-------------------------------------+-----
Fighting       | 4 5 6 7 8 9 11 | 11.4
Long Blades    | 3 4 5 6 7 9 11 12 14 | 14.5
Shields        | 4 5 6 7 9 |  9.1
Armour         | 4 5 6 8 9 11 13 | 13.7
Dodging        | 1 2 |  2.4
Stealth        | 1 |  1.1
Invocations    | 1 2 |  2.0
Evocations     | 1 |  1.6

Action                   |  1- 3 |  4- 6 |  7- 9 | 10-12 || total
-------------------------+-------+-------+-------+-------++-------
Melee: Long sword        |    85 |   113 |   275 |    41 ||   514
       Headbutt          |     7 |    17 |    68 |    97 ||   189
       Scimitar          |       |       |       |   370 ||   370
 Fire: Hand crossbow     |       |       |       |     4 ||     4
Invok: Heroism           |       |       |     2 |    15 ||    17
Evoke: Wand              |       |       |     2 |     8 ||    10
  Use: Scroll            |       |     2 |    11 |     7 ||    20
       Potion            |       |     1 |     2 |     3 ||     6
Armor: Scale mail        |    49 |    18 |       |       ||    67
       Chain mail        |       |    42 |   129 |       ||   171
       Plate armour      |       |       |    34 |    19 ||    53
       Crystal plate arm |       |       |       |   351 ||   351
Dodge: Dodged            |    25 |    62 |   117 |   152 ||   356
Block: Buckler           |    15 |    20 |    90 |   131 ||   256
